AoeStats
← the_bgrad

Arabia

509149766Analyzed
1v1 RM · 6d ago on Sep 25, 2026· 50m 15s· 2 players
Game mode
Random Map
Map size
Tiny (2 player)
Population
200
Speed
Normal
Resources
Standard
Victory
Conquest
Starting age
Dark Age
Ending age
Imperial Age
RankedLock teamsTeams togetherTeam positionsShared explorationLock speedFull tech treeHidden civsTurbo modeCheats
Victory
Defeat
🇺🇸 Byzantines · United States
836
+18
🇨🇱 Spanish · Chile
876
-18
sideways
12:10 Feudal Age
17:36 Castle Age
16:21 Double-Bit Axe
16:21 Horse Collar
17:19 Loom
25:04 Fletching
26:58 Scale Barding Armor
29:03 Sanctity
29:29 Chain Barding Armor
29:05 Bodkin Arrow
36:50 Imperial Age
34:59 Wheelbarrow
37:06 Husbandry
37:03 Heavy Camel Rider
40:25 Plate Barding Armor
43:46 Devotion
49:44 Logistica
the_bgrad
9:31 Feudal Age
12:21 Loom
16:41 Castle Age
15:04 Double-Bit Axe
15:13 Stone Mining
19:32 Bow Saw
20:42 Horse Collar
23:24 Heavy Plow
33:16 Imperial Age
32:18 Wheelbarrow
32:18 Scale Barding Armor
32:24 Gold Mining
35:04 Ballistics
35:06 Bloodlines
34:18 Light Cavalry
36:44 Chemistry
38:31 Forging
38:50 Fletching
40:04 Hand Cart
42:20 Pikeman
43:35 Elite Conquistador
45:36 Halberdier
49:01 Iron Casting
48:27 Scale Mail Armor
51:28 Blast Furnace
50:44 Chain Mail Armor
Connection lost

Rejoining the realm…

Still unreachable

The connection could not be restored.

Session expired

The server has moved on; the page needs a fresh start.